 Dungeon Crawl Stone Soup version 0.31.0 (webtiles) character file.

Game seed: 3277062120095353822

7699 Leszczynek the Basher (level 11, -4/86 HPs)
             Began as a Formicid Cinder Acolyte on Jan 19, 2024.
             Was an Elder of Ignis.
             Slain by a komodo dragon (29 damage)
             ... on level 1 of the Lair of Beasts.
             The game lasted 00:25:43 (11651 turns).

Leszczynek the Basher (Formicid Cinder Acolyte)    Turns: 11651, Time: 00:25:44

Health: -4/86      AC: 10    Str: 20    XL:     11   Next: 42%
Magic:  12/12      EV: 11    Int: 15    God:    Ignis [****..]
Gold:   447        SH:  5    Dex: 11    Spells: 12/12 levels left

rFire   + . .        c - +4 battleaxe
rCold   . . .        k - +0 buckler
rNeg    . . .        r - +0 ring mail
rPois   +            (helmet unavailable)
rElec   .            x - +1 cloak
rCorr   .            l - +1 pair of gloves
SInv    +            (no boots)
Will    ++++.        (no amulet)
Stlth   +            A - ring of willpower
HPRegen 0.34/turn    C - ring of poison resistance
MPRegen 0.13/turn

%: no passive effects
@: no status effects
A: permanent stasis, dig shafts and tunnels, antennae 3, four strong arms,
strong-willed 2, MP-powered wands
a: Dig, Shaft Self, Renounce Religion, Fiery Armour, Foxfire Swarm, Rising Flame


You were on level 1 of the Lair of Beasts.
You worshipped Ignis.
Ignis was greatly pleased with you.
You visited 2 branches of the dungeon, and saw 11 of its levels.

You collected 447 gold pieces.

Inventory:

Hand Weapons
 a - a +3 mace of protection
 b - a +0 shortbow
 c - a +4 battleaxe (weapon)
 p - a -1 hand axe of flaming
 s - a +0 dire flail
 B - a +4 flail
 L - a +2 mace of holy wrath
Missiles
 m - 3 throwing nets
 z - 2 boomerangs
 D - 19 poisoned darts (quivered)
Armour
 k - a +0 buckler (worn)
 l - a +1 pair of gloves (worn)
 r - a +0 ring mail (worn)
 x - a +1 cloak (worn)
 G - a +0 kite shield
Jewellery
 j - a ring of resist corrosion
 y - a ring of fire
 A - a ring of willpower (left hand)
 C - a ring of poison resistance (right hand)
 H - a ring of positive energy
 I - the Hermit's Pendant {Faith Invo=14 Evo=0 MP+5}
   (You took it off a vampire on level 10 of the Dungeon)

   [amulet of faith]

   Invo=14: It sets your Invocations skill to 14.
   Evo=0: It sets your Evocations skill to 0.
   Faith:     It allows you to gain divine favour quickly.
   MP+5:      It affects your magic capacity (+5).
Wands
 o - a wand of iceblast (16)
 v - a wand of flame (31)
 w - a wand of light (5)
Scrolls
 d - a scroll of vulnerability {!r}
 e - 3 scrolls of noise {!r}
 f - a scroll of immolation {!r}
 i - a scroll of torment {!r}
 n - 3 scrolls of enchant weapon
 u - a scroll of silence {!r}
 K - a scroll of fear
Potions
 g - 2 potions of lignification {unknown}
 h - 4 potions of curing {@q1}
 q - a potion of resistance
 t - a potion of heal wounds {@q2}
 E - a potion of might {unknown}
 F - a potion of magic {unknown}
 J - a potion of attraction


   Skills:
 - Level 8.1 Fighting
 * Level 8.7(10.6) Axes
 - Level 9.7(11.1) Maces & Flails
 - Level 4.0 Throwing
 - Level 3.2 Armour
 - Level 4.0 Dodging
 + Level 5.6 Shields
 - Level 1.1 Spellcasting
 - Level 3.0 Fire Magic
 - Level 4.0 Evocations


You had 12 spell levels left.
You didn't know any spells.
Your spell library contained the following spells:

 Spells                   Type           Power      Damage    Failure   Level
 Scorch                   Fire           18%        2d5       22%         2
 Sandblast                Erth           0%         2d4       43%         1
 Shock                    Conj/Air       0%         1d3       43%         1
 Sting                    Conj/Alch      0%         1d3       43%         1
 Lesser Beckoning         Tloc           0%         N/A       58%         2
 Mercury Vapours          Alch/Air       0%         N/A       58%         2
 Volatile Blastmotes      Fire/Tloc      10%        2d10      61%         3
 Dazzling Flash           Conj/Hex       0%         N/A       82%         3
 Fugue of the Fallen      Necr           0%         N/A       82%         3
 Gell's Gravitas          Tloc           0%         N/A       82%         3
 Mephitic Cloud           Conj/Alch/Air  0%         N/A       82%         3
 Ozocubu's Armour         Ice            0%         N/A       82%         3
 Passwall                 Erth           0%         N/A       82%         3
 Stone Arrow              Conj/Erth      0%         3d7       82%         3
 Teleport Other           Tloc           0%         N/A       82%         3
 Airstrike                Air            0%         2d(0-16)  99%         4
 Brom's Barrelling Bould  Conj/Erth      0%         2d3       99%         4
 Manifold Assault         Tloc           0%         N/A       99%         4
 Olgreb's Toxic Radiance  Alch           0%         N/A       99%         4
 Curse of Agony           Necr           0%         N/A       100%        5
 Silence                  Hex/Air        0%         N/A       100%        5
 Starburst                Conj/Fire      2%         6d3       100%        6
 Maxwell's Capacitive Co  Air            0%         ∞         100%        8
 Swiftness                Air            Unusable   N/A       N/A         3

Dungeon Overview and Level Annotations

Branches:
Dungeon (10/15)            Temple (0/1) D:4            Lair (1/5) D:9
    Orc: D:9-12

Altars:
Cheibriados
Elyvilon
Hepliaklqana
Kikubaaqudgha
Nemelex Xobeh
Okawaru
Ru
Vehumet
Xom

Annotations:
D:3 1 runed translucent door, Crazy Yiuf
D:7 big vault, 3 runed translucent doors
D:9 exclusion: ice statue


Innate Abilities, Weirdness & Mutations

You cannot be hasted, slowed, berserked, paralysed or teleported.
You can dig through walls and to a lower floor.
You have a pair of large antennae on your head. (SInv)
Your four strong arms can wield two-handed weapons with a shield.
You are highly strong-willed. (Will++)
You expend magic power (3 MP) to strengthen your wands.


Message History

You feel extremely strange.
You feel robust.
You feel your magical essence link to the dungeon's wands.
You feel strong-willed.
You feel more strong-willed.
You sense a monster nearby.
Unknown command.
A komodo dragon is nearby!
Unknown command.
The komodo dragon hisses angrily.
Found 2 stones.
You barely miss the komodo dragon.
The komodo dragon bites you but does no damage.
You barely miss the komodo dragon. You block the komodo dragon's attack.
The komodo dragon closely misses you.
You hit the komodo dragon.
The komodo dragon is lightly wounded.
The komodo dragon bites you!!
You slash the komodo dragon!
The komodo dragon is moderately wounded.
You block the komodo dragon's attack.
You completely miss the komodo dragon.
The komodo dragon is moderately wounded.
The komodo dragon barely misses you.
You barely miss the komodo dragon.
The komodo dragon is moderately wounded.
The komodo dragon bites you!
You hit the komodo dragon.
The komodo dragon is heavily wounded.
The komodo dragon bites you!!
You are too injured to fight recklessly!
You are too injured to fight recklessly!
You are too injured to fight recklessly!
You feel much better. The komodo dragon bites you.
You hit the komodo dragon.
The komodo dragon is heavily wounded.
The komodo dragon bites you! The komodo dragon bites you!!
You hit the komodo dragon.
The komodo dragon is severely wounded.
The komodo dragon bites you!!
You die...

#......###..# #..#
#......# #..# #..#
#......####.###..#
{#.......# #.##P..#
#.#......####.##...#
#..................#
...#................#
###.....l...........##
##..##.@..........P#
.#..8.##.#+#.##...##
.......#.#....#...#
.....>.8#......+...#
........#.#....#....#
(##.8.#..P....#...##
#........# .#
#........#....#
#..##....##.+#..


You could see a komodo dragon.

Vanquished Creatures
  Pikel (D:8)
  A troll (D:10)
  2 hornets
  Sigmund (D:3)
  9 yaks
  A shadow (D:9)
  2 vampires (D:10)
  A wyvern (D:9)
  Grum (D:8)
  A steam dragon (D:8)
  An acid dragon (D:9)
  2 water moccasins
  3 orc warriors
  A black bear (D:7)
  7 ice beasts
  A sky beast (D:8)
  5 wolves
  2 lemures (D:7)
  2 centaurs
  2 kobold brigands
  2 gnoll sergeants
  A bullfrog (D:6)
  A scorpion (D:5)
  6 wights (D:8)
  4 killer bees
  5 howler monkeys
  2 bombardier beetles
  3 jellies
  2 hounds
  A gnoll bouda (D:7)
  10 orc priests
  4 iguanas
  8 orc wizards
  Natasha (thrice) (D:3)
  20 gnolls
  9 adders
  A shadow imp (D:7)
  2 ufetubi (D:7)
  3 dart slugs
  A ribbon worm (D:3)
  20 orcs
  9 ball pythons
  3 bats
  8 endoplasms
  4 giant cockroaches
  5 goblins
  5 hobgoblins
  4 quokkas
  3 frilled lizards
  13 kobolds
208 creatures vanquished.

Notes
Turn   | Place    | Note
-------+----------+-------------------------------------------
     0 | D:1      | Leszczynek the Formicid Cinder Acolyte began the quest for
                  | the Orb.
     0 | D:1      | Reached XP level 1. HP: 18/18 MP: 2/2
   196 | D:1      | Reached XP level 2. HP: 24/24 MP: 3/3
   655 | D:2      | Reached XP level 3. HP: 30/30 MP: 4/4
  1358 | D:2      | Reached skill level 4 in Axes
  1361 | D:2      | Reached skill level 4 in Fighting
  1361 | D:2      | Reached XP level 4. HP: 37/37 MP: 5/5
  1481 | D:2      | Found a faded altar of an unknown god.
  1507 | D:2      | Identified the +7 dagger of Eppab {freeze, rElec rC++ Str-5
                  | SInv}
  1630 | D:2      | Reached XP level 5. HP: 40/42 MP: 6/6
  1641 | D:2      | Reached skill level 1 in Maces & Flails
  1650 | D:2      | Reached skill level 1 in Shields
  1809 | D:2      | Reached skill level 2 in Maces & Flails
  2183 | D:3      | Noticed Natasha
  2189 | D:3      | Killed Natasha
  2190 | D:3      | Reached skill level 2 in Shields
  2225 | D:3      | Noticed Natasha
  2232 | D:3      | Killed Natasha
  2233 | D:3      | Reached XP level 6. HP: 44/48 MP: 7/7
  2448 | D:3      | Noticed Sigmund
  2460 | D:3      | Killed Sigmund
  2461 | D:3      | Reached skill level 4 in Maces & Flails
  2461 | D:3      | Reached skill level 3 in Shields
  2461 | D:3      | Reached XP level 7. HP: 47/54 MP: 8/8
  2520 | D:3      | Noticed Natasha
  2529 | D:3      | Killed Natasha
  2663 | D:3      | Found a runed translucent door.
  2664 | D:3      | Noticed Crazy Yiuf
  3014 | D:4      | Reached skill level 4 in Shields
  3100 | D:4      | Found a staircase to the Ecumenical Temple.
  3343 | D:4      | Reached skill level 1 in Evocations
  3489 | D:4      | Reached skill level 5 in Maces & Flails
  3950 | D:5      | Entered Level 5 of the Dungeon
  4212 | D:5      | Reached skill level 2 in Evocations
  4248 | D:5      | Reached XP level 8. HP: 55/60 MP: 9/9
  4343 | D:5      | Reached skill level 6 in Maces & Flails
  4423 | D:5      | Reached skill level 3 in Evocations
  4618 | D:5      | Found a sparkling altar of Nemelex Xobeh.
  4649 | D:5      | Found an ancient bone altar of Kikubaaqudgha.
  5242 | D:5      | Gained mutation: Your magical capacity is low. (-10% MP)
                  | [potion of mutation]
  5242 | D:5      | Gained mutation: You have sharp toenails. [potion of
                  | mutation]
  5389 | D:6      | Found a sacrificial altar of Ru.
  5438 | D:6      | Found an iron altar of Okawaru.
  5694 | D:6      | Lost mutation: Your magical capacity is low. (-10% MP)
                  | [potion of mutation]
  5694 | D:6      | Lost mutation: You have sharp toenails. [potion of
                  | mutation]
  5694 | D:6      | Gained mutation: You are frail. (-10% HP) [potion of
                  | mutation]
  5741 | D:6      | Reached skill level 7 in Maces & Flails
  5756 | D:6      | Reached skill level 1 in Dodging
  5756 | D:6      | Reached skill level 4 in Evocations
  6093 | D:7      | Reached XP level 9. HP: 48/60 MP: 10/10
  6366 | D:7      | Reached skill level 5 in Fighting
  6366 | D:7      | Reached skill level 2 in Dodging
  6597 | D:7      | Reached skill level 8 in Maces & Flails
  6990 | D:8      | Noticed Pikel
  7224 | D:8      | Reached skill level 3 in Dodging
  7254 | D:8      | Killed Pikel
  7255 | D:8      | Reached skill level 6 in Fighting
  7255 | D:8      | Reached skill level 9 in Maces & Flails
  7280 | D:8      | Found a white marble altar of Elyvilon.
  7308 | D:8      | Noticed a hornet
  7313 | D:8      | Killed a hornet
  7314 | D:8      | Reached XP level 10. HP: 69/69 MP: 11/11
  7577 | D:8      | Reached skill level 1 in Throwing
  7577 | D:8      | Reached skill level 4 in Dodging
  7896 | D:8      | Noticed Grum
  7909 | D:8      | Killed Grum
  7917 | D:8      | Reached skill level 5 in Axes
  7917 | D:8      | Reached skill level 2 in Throwing
  7921 | D:8      | Reached skill level 7 in Fighting
  8659 | D:9      | Found a staircase to the Lair.
  8827 | D:9      | Reached skill level 6 in Axes
  8827 | D:9      | Reached skill level 3 in Throwing
  9202 | D:9      | Reached skill level 7 in Axes
  9257 | D:9      | Noticed an ice statue
  9451 | D:9      | Reached skill level 4 in Throwing
  9451 | D:9      | Reached XP level 11. HP: 77/77 MP: 12/12
  9455 | D:9      | Reached skill level 8 in Fighting
  9855 | D:10     | Entered Level 10 of the Dungeon
  9978 | D:10     | Reached skill level 1 in Armour
 10048 | D:10     | Reached skill level 2 in Armour
 10154 | D:10     | Found a hazy altar of Hepliaklqana.
 10218 | D:10     | Reached skill level 8 in Axes
 10489 | D:10     | Found a shimmering altar of Xom.
 10507 | D:10     | Reached skill level 5 in Shields
 10904 | D:10     | Found a radiant altar of Vehumet.
 10905 | D:10     | Found a snail-covered altar of Cheibriados.
 10989 | D:10     | Reached skill level 3 in Armour
 11369 | D:7      | Found a runed translucent door.
 11370 | D:7      | Noticed a manticore
 11371 | D:7      | Noticed a boulder beetle
 11371 | D:7      | Noticed a white ugly thing
 11371 | D:7      | Found a runed translucent door.
 11371 | D:7      | Found a runed translucent door.
 11532 | Lair:1   | Entered Level 1 of the Lair of Beasts
 11618 | Lair:1   | Lost mutation: You are frail. (-10% HP) [potion of
                  | mutation]
 11618 | Lair:1   | Gained mutation: You expend magic power (3 MP) to
                  | strengthen your wands. [potion of mutation]
 11618 | Lair:1   | Gained mutation: You are strong-willed. (Will+) [potion of
                  | mutation]
 11618 | Lair:1   | Gained mutation: You are highly strong-willed. (Will++)
                  | [potion of mutation]
 11651 | Lair:1   | Slain by a komodo dragon

Illustrated notes

Levels and vault maps discovered:
D:1:      amcnicky_arrival_feature_with_door, layout_loops_cross
D:2:      layout_loops_corners, hellmonk_ecumenical_altar_lost_god,
          minmay_snake_closets
D:3:      layout_loops_ring, uniq_natasha, uniq_crazy_yiuf_cottage, uniq_sigmund
D:4:      layout_basic, temple_pool_b, minivault_11, kennysheep_generic_room_5
D:5:      layout_layer_cave, mainiacjoe_overflow_big_doors
D:6:      layout_loops_cross, lemuel_tele_altar, okawaru_metal_pillars_3
D:7:      minmay_the_grid_triangle_9x9_rhombus_full
          [minmay_the_grid_triangle_9x9_negative_grid,
          minmay_the_grid_triangle_9x9_skeleton,
          minmay_the_grid_triangle_9x9_wacky_v,
          minmay_the_grid_triangle_9x9_semitri,
          minmay_the_grid_triangle_9x9_minimal,
          minmay_the_grid_triangle_9x9_limited_checkers,
          minmay_the_grid_triangle_9x9_fully_insulated_deathbox,
          minmay_the_grid_triangle_9x9_prize_top_heavy], layout_basic,
          serial_rivers, chequers_serial_rivers_micro_e,
          chequers_serial_rivers_room_a, chequers_serial_rivers_micro_c,
          chequers_serial_rivers_micro_c
D:8:      layout_rooms, elyvilon_altar_5, kennysheep_nub, uniq_grum, uniq_pikel
D:9:      layout_long_grid, erik_lair_orcish_takeover, minivault_16,
          david_defended_altar_orc
D:10:     layout_irregular_city, worldfamousw_hep_ancestral_shrine,
          mainiacjoe_overflow_catwalk, gammafunk_temple_overflow_pools,
          serial_column_ruins, column_ruins_hut_ruined,
          column_ruins_courtyard_long, column_ruins_columns_straight,
          column_ruins_open_small, column_ruins_grid_3, column_ruins_open_small,
          column_ruins_open_small_water, column_ruins_columns_straight,
          column_ruins_grid_1, serial_library_regret_index_double_sided
Lair:1:   layout_regular_city, minivault_26, eino_small_chamber_without_monster,
          grunt_megastairs_1

Skill      XL: |  1  2  3  4  5  6  7  8  9 10 11 |
---------------+----------------------------------+-----
Axes           | 4 7 8 |  8.7
Fighting       | 4 6 7 8 |  8.1
Maces & Flails | 2 4 5 7 9 |  9.7
Shields        | 2 3 4 5 |  5.6
Evocations     | 2 4 |  4.0
Dodging        | 1 3 4 |  4.0
Throwing       | 4 |  4.0
Armour         | 3 |  3.2
Spellcasting   | |  1.1
Fire Magic     | |  3.0

Action                     |  1- 3 |  4- 6 |  7- 9 | 10-12 || total
---------------------------+-------+-------+-------+-------++-------
  Melee: Hand axe          |    80 |    11 |       |       ||    91
         Mace              |       |    75 |   340 |   137 ||   552
         Punch             |       |     2 |       |       ||     2
         Kick              |       |       |     6 |       ||     6
         Battleaxe         |       |       |       |   169 ||   169
   Fire: Shortbow          |     4 |       |     8 |       ||    12
  Throw: Dart              |       |       |       |    22 ||    22
 Invoke: Fiery Armour      |     1 |     1 |     1 |     1 ||     4
  Evoke: Wand              |       |       |     3 |     2 ||     5
    Use: Scroll            |       |       |     9 |    10 ||    19
         Potion            |       |       |     5 |     2 ||     7
   Stab: Sleeping          |       |     2 |       |       ||     2
         Invisible         |       |       |       |     1 ||     1
 Armour: Robe              |    42 |    34 |       |       ||    76
         Ring mail         |       |    16 |   193 |   192 ||   401
  Dodge: Dodged            |    48 |    41 |   129 |   132 ||   350
  Block: Buckler           |       |     5 |    75 |    61 ||   141
